Map: Blackpink LE

Players

大圣头

  • Race: Zerg Zerg
  • League: Grandmaster
  • Spawn Location: 1:00

反正我又不会玩 - Winner!

  • Race: Zerg Zerg
  • League: Grandmaster
  • Spawn Location: 7:00

VOD

Have the link to the VOD?

Description

Time

  • Played on: March 5, 2018, 7:31 a.m.
  • Length: 9:46
Show
View Real Time Build Order
Export as new Build Order

大圣头 Zerg 

Build Orders: Hatch First 

Get SALT Encoding   

  12  0:00  Drone  
  13  0:08  Drone  
  14  0:17  Overlord  
  16  0:35  Drone x3  
  17  0:51  Hatchery  
  17  0:55  Drone  
  17  0:58  Drone  
  18  1:09  Extractor  
  17  1:14  Spawning Pool  
  17  1:16  Drone  
  17  1:19  Drone  
  18  1:29  Drone  
  19  1:39  Overlord  
  19  2:00  Queen  
  22  2:01  Zergling x2  
  22  2:02  Zergling x2  
  22  2:03  Queen, Zergling x2  
  26  2:15  Zergling x4  
  28  2:17  Metabolic Boost  
  28  2:27  Zergling x2  
  29  2:31  Zergling x2  
  29  2:45  Drone x3  
  32  2:56  Drone  
  32  2:57  Drone x2  
  33  3:08  Overlord  
  33  3:15  Drone  
  33  3:16  Drone  
  33  3:19  Baneling Nest  
  33  3:36  Zergling x6  
  33  3:37  Zergling x6  
  39  3:48  Zergling x4  
  39  3:49  Zergling x4  
  39  3:51  Overlord x2  
  43  4:03  Baneling x4  
  43  4:12  Hatchery  
  43  4:13  Drone x3  
  43  4:14  Drone  
  41  4:36  Drone, Zergling x12  
  40  4:45  Zergling x4  
  41  4:47  Roach Warren  
  40  4:56  Baneling x3  
  40  5:01  Extractor  
  40  5:02  Extractor, Drone x7  
  40  5:03  Baneling  
  40  5:05  Baneling  
  45  5:08  Drone  
  46  5:18  Zergling x2  
  46  5:19  Baneling, Zergling x2  
  48  5:34  Baneling x2  
  48  5:35  Baneling  
  45  5:43  Drone x4  
  45  5:44  Drone x4  
  45  5:48  Baneling x2  
  46  6:10  Drone x7  
  46  6:11  Drone  
  54  6:13  Queen  
  55  6:24  Lair  
  55  6:25  Evolution Chamber  
  53  6:29  Drone x5  
  53  6:30  Drone x4  
  62  6:41  Overlord  
  62  6:42  Overlord  
  62  6:54  Zerg Missile Weapons Level 1  
  62  6:55  Roach  
  62  7:00  Roach x8  
  80  7:04  Overlord x2  
  80  7:05  Overlord  
  80  7:18  Overlord x2  
  80  7:23  Glial Reconstitution  
  80  7:26  Hatchery  
  80  7:28  Extractor  
  80  7:29  Extractor, Roach x3  
  83  7:37  Roach x3  
  83  7:38  Roach x2  
  83  7:39  Unknown  
  93  7:47  Roach x5  
  103  7:54  Drone x4  
  107  8:02  Roach x3  
  113  8:09  Hydralisk Den, Overlord x2  
  113  8:10  Overlord  
  112  8:17  Overseer  
  112  8:18  Roach  
  114  8:25  Overlord x2  
  114  8:30  Unknown  
  114  8:33  Roach x4  
  114  8:34  Roach x4  
  130  8:45  Lurker Den  
  130  8:47  Roach x5  
  137  8:51  Roach  
  137  8:52  Roach  
  137  8:58  Roach x3  
  143  9:05  Roach x4  
  143  9:08  Roach x2  
  153  9:16  Roach x3  
  137  9:19  Roach  
  137  9:20  Roach  
  137  9:22  Roach  
  137  9:23  Roach  
  119  9:26  Roach  
Show
View Real Time Build Order
Export as new Build Order

反正我又不会玩 Zerg - Winner!

Build Orders: Pool First, Zergling Baneling 

Get SALT Encoding   

  12  0:01  Drone  
  13  0:21  Spawning Pool  
  13  0:25  Drone  
  13  0:30  Drone  
  14  0:37  Extractor, Drone  
  14  0:46  Overlord  
  14  1:08  Zergling x6  
  14  1:09  Queen  
  19  1:21  Zergling x2  
  20  1:33  Zergling x2  
  20  1:38  Metabolic Boost  
  21  1:42  Zergling x2  
  22  2:00  Hatchery  
  21  2:05  Overlord  
  21  2:21  Drone  
  22  2:24  Drone x2  
  22  2:25  Drone x2  
  26  2:41  Queen  
  27  2:44  Drone x2  
  27  3:01  Overlord  
  27  3:03  Zergling x4  
  29  3:08  Drone  
  30  3:13  Zergling x2  
  30  3:15  Drone  
  32  3:24  Drone  
  32  3:25  Baneling Nest  
  32  3:26  Drone x2  
  34  3:31  Drone x2  
  36  3:36  Drone  
  36  3:43  Drone  
  37  3:52  Drone x4  
  41  3:57  Overlord  
  41  4:01  Zergling x4  
  43  4:08  Baneling x5  
  43  4:12  Overlord  
  43  4:15  Queen  
  42  4:35  Baneling  
  42  4:36  Baneling  
  40  4:43  Zergling x8  
  40  4:44  Zergling x14  
  50  4:46  Baneling x2  
  50  4:50  Extractor  
  49  5:00  Drone x2  
  49  5:02  Hatchery  
  49  5:06  Baneling x2  
  50  5:10  Drone x2  
  52  5:16  Overlord  
  52  5:18  Drone x3  
  52  5:20  Drone x2  
  52  5:21  Drone  
  58  5:34  Baneling x2  
  56  5:36  Drone  
  56  5:37  Drone x2  
  56  5:42  Drone x2  
  56  5:47  Roach Warren  
  56  5:48  Evolution Chamber  
  53  5:51  Drone x6  
  53  5:54  Extractor  
  53  5:56  Extractor  
  53  6:05  Drone  
  54  6:16  Drone x4  
  54  6:17  Drone  
  58  6:25  Zerg Missile Weapons Level 1  
  58  6:26  Lair  
  58  6:27  Roach x3  
  58  6:28  Roach x4  
  72  6:36  Roach  
  72  6:39  Overlord  
  74  6:40  Overlord  
  74  6:49  Overlord  
  74  6:58  Roach x4  
  74  6:59  Roach x4  
  90  7:18  Roach x4  
  90  7:19  Overlord x2  
  90  7:20  Overlord  
  98  7:24  Overseer  
  98  7:26  Glial Reconstitution  
  98  7:29  Overlord x2  
  98  7:38  Roach x8  
  114  7:45  Roach x2  
  114  7:46  Roach x2  
  122  7:56  Roach x3  
  122  7:57  Roach x3  
  134  8:03  Overlord x2  
  134  8:04  Overseer  
  134  8:11  Overlord x3  
  134  8:24  Roach x4  
  134  8:25  Roach x2  
  146  8:32  Roach x4  
  156  8:48  Roach  
  156  8:49  Roach x6  
  156  8:55  Drone x2  
  169  9:00  Overlord  
  169  9:01  Extractor  
  167  9:11  Drone x3  
  160  9:17  Drone  
  160  9:18  Roach  
  160  9:19  Roach x3  
Tags
 
Add a new tag
Caveats
  • Supply blocks, unpowered buildings, or Contaminate may cause inaccurate times.
  • Supply counts are checked every 10 seconds.